Map: Simulacrum LE

Players

Dracob

  • Race: Zerg Zerg
  • League: Diamond
  • Spawn Location: 5:00

llllllllllll - Winner!

  • Race: Terran Terran
  • League: Diamond
  • Spawn Location: 11:00

VOD

Have the link to the VOD?

Description

Time

  • Played on: March 23, 2020, 2:33 a.m.
  • Length: 8:07
Show
View Real Time Build Order
Export as new Build Order

Dracob Zerg 

Build Orders: Pool First 

Get SALT Encoding   

  12  0:00  Drone  
  13  0:14  Overlord  
  13  0:19  Drone  
  14  0:34  Drone x2  
  16  0:42  Spawning Pool  
  15  0:45  Drone  
  15  0:49  Drone  
  17  1:11  Hatchery  
  16  1:14  Drone  
  16  1:17  Extractor  
  16  1:30  Zergling x2  
  16  1:31  Zergling x4  
  19  1:36  Queen  
  21  1:43  Overlord  
  21  1:53  Drone  
  22  2:06  Zergling x2  
  23  2:13  Queen  
  25  2:16  Zergling x2  
  26  2:28  Zergling x4  
  28  2:30  Metabolic Boost  
  28  2:41  Drone x2  
  28  2:57  Hatchery  
  28  2:58  Zergling x2  
  27  3:03  Drone  
  27  3:04  Drone  
  28  3:25  Drone x3  
  28  3:26  Zergling x6  
  28  3:27  Zergling x2  
  35  3:30  Overlord  
  34  3:41  Zergling x4  
  35  3:51  Drone x3  
  35  3:52  Drone  
  39  3:56  Overlord x2  
  39  4:01  Drone x2  
  41  4:09  Drone x2  
  43  4:14  Drone x3  
  46  4:21  Drone  
  45  4:32  Drone x8  
  45  4:33  Drone  
  54  4:43  Zergling x6  
  57  4:46  Queen  
  59  4:53  Zergling x2  
  59  4:54  Overlord x2  
  59  4:55  Zergling x4  
  59  4:56  Zergling x2  
  60  5:11  Zergling x6  
  61  5:21  Queen, Lair  
  61  5:25  Baneling Nest  
  60  5:35  Drone x5  
  55  5:36  Drone x3  
  55  5:40  Overlord x2  
  62  5:47  Zergling x2  
  62  5:48  Evolution Chamber  
  62  5:50  Evolution Chamber  
  45  6:16  Zergling x2  
  45  6:17  Zergling x12  
  52  6:18  Drone  
  52  6:19  Drone  
  54  6:34  Roach Warren  
  54  6:38  Drone x5  
  56  6:49  Zergling x6  
  47  7:01  Drone  
  47  7:02  Drone x8  
  47  7:07  Queen  
  47  7:08  Queen x2  
  59  7:11  Zergling x4  
  59  7:13  Drone  
  59  7:14  Drone x3  
  65  7:19  Roach x3  
  71  7:29  Roach  
  65  7:35  Roach  
  61  7:41  Roach x2  
Show
View Real Time Build Order
Export as new Build Order

llllllllllll Terran - Winner!

Build Orders:  

Get SALT Encoding   

  12  0:00  SCV  
  13  0:12  SCV  
  14  0:18  Supply Depot  
  14  0:25  SCV  
  15  0:40  SCV  
  15  0:42  Barracks  
  16  0:45  Refinery  
  16  0:52  SCV  
  17  1:01  Barracks  
  17  1:05  SCV  
  18  1:13  Refinery  
  18  1:18  SCV  
  19  1:30  Orbital Command  
  19  1:43  Reaper  
  19  1:45  Supply Depot  
  20  1:49  Reaper  
  21  1:55  SCV  
  22  2:14  Factory  
  22  2:15  Reaper  
  23  2:19  SCV  
  23  2:22  Barracks Reactor  
  24  2:31  SCV  
  25  2:39  Reaper  
  27  2:59  Barracks Reactor  
  27  3:00  Hellion  
  27  3:01  Command Center  
  27  3:02  SCV  
  29  3:06  Supply Depot  
  29  3:11  Reaper  
  30  3:14  SCV  
  30  3:41  SCV  
  33  3:48  Hellion  
  33  3:50  Hellion  
  33  3:53  SCV  
  33  3:54  Factory  
  36  3:56  Factory  
  36  4:08  Supply Depot  
  32  4:10  Supply Depot  
  32  4:13  Hellion x2  
  36  4:19  Barracks Tech Lab  
  36  4:20  Barracks Tech Lab  
  36  4:24  Orbital Command  
  36  4:35  Hellion  
  38  4:46  SCV  
  38  4:51  Cyclone  
  42  4:54  Cyclone  
  42  4:59  SCV  
  46  5:12  Hellion x2  
  50  5:16  Infernal Pre-Igniter  
  50  5:18  SCV, Mag-Field Accelerator  
  51  5:34  Hellion x2, Cyclone  
  54  5:39  SCV x2  
  56  5:45  Cyclone  
  59  5:50  Supply Depot  
  59  5:51  SCV  
  60  6:02  SCV  
  60  6:03  SCV  
  56  6:13  Hellion, Cyclone  
  56  6:14  SCV, Hellion  
  56  6:17  Cyclone  
  65  6:25  SCV  
  66  6:26  SCV  
  66  6:30  Command Center, Refinery  
  67  6:32  Refinery  
  67  6:36  Hellion  
  65  7:07  Hellion x2  
  65  7:08  Cyclone x2  
  75  7:11  Factory  
  75  7:12  Barracks Tech Lab  
  75  7:13  SCV, Factory  
  75  7:14  SCV  
  77  7:20  Supply Depot  
  77  7:21  Supply Depot  
  77  7:25  SCV  
  77  7:26  SCV  
  75  7:33  Hellion  
  75  7:34  Hellion  
Tags
 
Add a new tag
Caveats
  • Supply blocks, unpowered buildings, or Contaminate may cause inaccurate times.
  • Supply counts are checked every 10 seconds.